Warning! The script has encountered some errors when parsing the replay. Please report them to the . » details
          0x00, prev: 0x16: 16 02 01 00 04 58 00 00 F1 5E 04 00 [00] 00 00 00 00 00 00 00 00 00 00 00 00 00 00 00 00 00 00 00 00 00 00 00 04 00 
0x00, prev: 0x00: 16 02 01 00 04 58 00 00 F1 5E 04 00 00 00 00 00 00 00 00 00 00 00 00 00 00 00 00 00 00 00 00 00 00 00 [00] 00 04 00 
0x00, prev: 0x02: 16 02 01 00 A2 49 00 00 0E B9 00 00 00 00 00 00 00 00 00 00 00 00 00 00 00 00 00 00 00 00 00 00 00 00 00 00 02 [00] 
0x00, prev: 0x04: 16 02 01 00 04 58 00 00 F1 5E 04 00 00 00 00 00 00 00 00 00 00 00 00 00 00 00 00 00 00 00 00 00 00 00 00 00 04 [00] 
        General information
			
			
        
        - name: BNet
 
        - type: Ladder team game (AT/RT)
 
        - host: Battle.net
 
        - saver: brucewillisusa
 
        
map: Highperch 
        - players: 6
 
        - length: 16:05
 
        - speed: Fast
 - version: 1.22 W3XP
 - replay type:  Public
 
» download(75 KB)
Players
        team 1 (loser) 
              
              
2good2Bbad (
pink | 48 APM | 763 actions | 15:58)
              
 3 Mountain King 
 2 Storm Bolt
 1 Bash
 
                » actions 
                
                | Assign group hotkey | 6 |  | 
| Basic commands | 1 |  | 
| Build / train | 51 |  | 
| Enter build submenu | 16 |  | 
| Enter hero's abilities submenu | 3 |  | 
| Remove unit from queue | 6 |  | 
| Right click | 488 |  | 
| Select / deselect | 165 |  | 
| Select group hotkey | 1 |  | 
| Use ability | 26 |  | 
                763 total
 » units 
                
                | Peasant | 10 |  | 
| Footman | 2 |  | 
| Rifleman | 18 |  | 
                30 total
 » upgrades
                
                | Gunpowder | 2 |  | 
| Armor | 2 |  | 
| Lumber Harvesting | 1 |  | 
                5 total
 » buildings
                
                | Altar of Kings | 1 |  | 
| Farm | 5 |  | 
| Barracks | 3 |  | 
| Blacksmith | 1 |  | 
| Lumber Mill | 1 |  | 
| Keep | 1 |  | 
| Scout Tower | 3 |  | 
| Guard Tower | 3 |  | 
                18 total
 » build order
                00:06 Altar of Kings
00:12 Farm
00:37 Barracks
00:53 Farm
01:48 Blacksmith
02:43 Farm
03:38 Farm
04:46 Lumber Mill
06:02 Keep
07:36 Farm
09:04 Barracks
10:16 Barracks
11:43 Scout Tower
11:47 Scout Tower
11:52 Scout Tower
12:29 Guard Tower
12:31 Guard Tower
12:33 Guard Tower
 
               
              
              
» 
Tubaker (
blue | 22 APM | 352 actions | 16:03)
              
 3 Dark Ranger 
 2 Black Arrow
 1 Silence
 
                » actions 
                
                | Build / train | 24 |  | 
| Enter build submenu | 13 |  | 
| Enter hero's abilities submenu | 3 |  | 
| Right click | 147 |  | 
| Select / deselect | 146 |  | 
| Use ability | 19 |  | 
                352 total
 » units 
                
                | Acolyte | 2 |  | 
| Ghoul | 3 |  | 
| Crypt Fiend | 8 |  | 
| Necromancer | 1 |  | 
                14 total
 » upgrades
                » buildings
                
                | Crypt | 2 |  | 
| Ziggurat | 4 |  | 
| Graveyard | 1 |  | 
| Nerubian Tower | 1 |  | 
| Altar of Darkness | 1 |  | 
| Tomb of Relics | 1 |  | 
| Halls of the Dead | 1 |  | 
| Temple of the Damned | 2 |  | 
| Spirit Tower | 1 |  | 
| Necropolis | 1 |  | 
                15 total
 » build order
                00:16 Crypt
00:27 Ziggurat
00:47 Ziggurat
01:08 Graveyard
01:30 Crypt
01:37 Nerubian Tower
02:27 Ziggurat
03:09 Altar of Darkness
04:45 Tomb of Relics
04:55 Ziggurat
06:36 Halls of the Dead
09:36 Temple of the Damned
10:30 Spirit Tower
10:35 Temple of the Damned
12:47 Necropolis
» items
                
                | Scroll of Town Portal | 1 |  | 
| Rod of Necromancy | 1 |  | 
                2 total
  
               
              
              
PdQ (
teal | 41 APM | 657 actions | 16:04)
              
 2 Archmage 
 1 Blizzard
 1 Brilliance Aura
 
                » actions 
                
                | Assign group hotkey | 18 |  | 
| Build / train | 59 |  | 
| Enter build submenu | 11 |  | 
| Enter hero's abilities submenu | 2 |  | 
| Remove unit from queue | 12 |  | 
| Right click | 345 |  | 
| Select / deselect | 124 |  | 
| Select group hotkey | 34 |  | 
| Use ability | 52 |  | 
                657 total
 » units 
                
                | Peasant | 15 |  | 
| Footman | 7 |  | 
| Sorceress | 2 |  | 
| Spell Breaker | 4 |  | 
                28 total
 » upgrades
                » buildings
                
                | Altar of Kings | 1 |  | 
| Barracks | 1 |  | 
| Farm | 7 |  | 
| Arcane Vault | 1 |  | 
| Keep | 1 |  | 
| Scout Tower | 2 |  | 
| Arcane Tower | 3 |  | 
| Arcane Sanctum | 1 |  | 
                17 total
 » build order
                00:09 Altar of Kings
00:15 Barracks
00:26 Farm
00:31 Farm
02:11 Farm
02:15 Farm
03:46 Arcane Vault
04:01 Keep
05:05 Scout Tower
05:17 Arcane Tower
06:05 Scout Tower
06:22 Arcane Tower
06:22 Arcane Tower
10:33 Arcane Sanctum
10:47 Farm
10:48 Farm
10:48 Farm
» items
                
                | Scroll of Regeneration | 4 |  | 
| Lesser Clarity Potion | 1 |  | 
| Potion of Healing | 5 |  | 
| Scroll of Town Portal | 1 |  | 
| Potion of Mana | 1 |  | 
                12 total
  
               team 2 (winner) 
              
              
brucewillisusa (
purple | 56 APM | 901 actions | 16:05)
              
 7 Blademaster 
 3 Wind Walk
 3 Critical Strike
 1 Bladestorm
 
                » actions 
                
                | Assign group hotkey | 51 |  | 
| Basic commands | 6 |  | 
| Build / train | 43 |  | 
| Enter build submenu | 16 |  | 
| Enter hero's abilities submenu | 7 |  | 
| Give item / drop item | 2 |  | 
| Right click | 388 |  | 
| Select / deselect | 106 |  | 
| Select group hotkey | 229 |  | 
| Use ability | 53 |  | 
                901 total
 » units 
                » upgrades
                
                | Envenomed Spears | 1 |  | 
| Ranged Weapons | 2 |  | 
                3 total
 » buildings
                
                | Altar of Storms | 1 |  | 
| Orc Burrow | 5 |  | 
| Voodoo Lounge | 1 |  | 
| Stronghold | 1 |  | 
| War Mill | 1 |  | 
| Beastiary | 3 |  | 
| Fortress | 1 |  | 
| Watch Tower | 5 |  | 
                18 total
 » build order
                00:08 Altar of Storms
00:13 Orc Burrow
00:44 Voodoo Lounge
02:43 Stronghold
03:13 Orc Burrow
03:14 Orc Burrow
03:18 War Mill
05:17 Beastiary
05:18 Beastiary
05:20 Beastiary
05:22 Fortress
06:54 Orc Burrow
06:55 Orc Burrow
12:43 Watch Tower
13:13 Watch Tower
13:14 Watch Tower
13:36 Watch Tower
13:48 Watch Tower
» items
                
                | Lesser Clarity Potion | 4 |  | 
| Healing Salve | 2 |  | 
| Boots of Speed | 2 |  | 
| Staff of Teleportation | 2 |  | 
| Orb of Lightning | 1 |  | 
| Scroll of Town Portal | 2 |  | 
| Scroll of Speed | 1 |  | 
                14 total
  
               
              
              
The.Undead (
green | 26 APM | 424 actions | 16:04)
              
 1 Death Knight 
 1 Death Coil
 
                » actions 
                
                | Basic commands | 3 |  | 
| Build / train | 41 |  | 
| Enter build submenu | 29 |  | 
| Enter hero's abilities submenu | 1 |  | 
| Remove unit from queue | 3 |  | 
| Right click | 89 |  | 
| Select / deselect | 233 |  | 
| Use ability | 25 |  | 
                424 total
 » units 
                
                | Acolyte | 3 |  | 
| Ghoul | 9 |  | 
| Crypt Fiend | 7 |  | 
                19 total
 » upgrades
                
                | Creature Attack | 1 |  | 
| Web | 1 |  | 
| Unholy Strength | 1 |  | 
                3 total
 » buildings
                
                | Altar of Darkness | 1 |  | 
| Ziggurat | 16 |  | 
| Crypt | 2 |  | 
| Graveyard | 1 |  | 
| Halls of the Dead | 1 |  | 
| Spirit Tower | 12 |  | 
| Slaughterhouse | 2 |  | 
| Black Citadel | 1 |  | 
                36 total
 » build order
                00:08 Altar of Darkness
00:12 Ziggurat
00:49 Crypt
01:28 Ziggurat
01:39 Graveyard
02:48 Crypt
03:08 Halls of the Dead
04:19 Ziggurat
05:44 Spirit Tower
05:58 Spirit Tower
06:05 Spirit Tower
06:39 Ziggurat
07:00 Ziggurat
07:03 Ziggurat
07:08 Ziggurat
07:32 Spirit Tower
08:04 Spirit Tower
08:17 Spirit Tower
08:21 Spirit Tower
09:56 Slaughterhouse
09:59 Slaughterhouse
12:03 Black Citadel
13:48 Ziggurat
13:51 Ziggurat
13:54 Ziggurat
13:59 Ziggurat
14:37 Ziggurat
14:46 Ziggurat
14:48 Spirit Tower
14:54 Ziggurat
14:56 Spirit Tower
15:13 Ziggurat
15:26 Ziggurat
15:33 Spirit Tower
15:39 Spirit Tower
15:55 Spirit Tower
 
               
              
              
» 
everyone_whines (
yellow | 56 APM | 906 actions | 16:04)
              
 1 Far Seer 
 1 Feral Spirit
 
                » actions 
                
                | Assign group hotkey | 58 |  | 
| Build / train | 50 |  | 
| Enter build submenu | 18 |  | 
| Enter hero's abilities submenu | 1 |  | 
| Remove unit from queue | 1 |  | 
| Right click | 342 |  | 
| Select / deselect | 118 |  | 
| Select group hotkey | 287 |  | 
| Use ability | 31 |  | 
                906 total
 » units 
                » upgrades
                
                | Armor | 3 |  | 
| Melee Weapons | 3 |  | 
| Ensnare | 1 |  | 
| Spiked Barricades | 1 |  | 
| Pillage | 1 |  | 
| Reinforced Defenses | 1 |  | 
                10 total
 » buildings
                
                | Orc Burrow | 7 |  | 
| Altar of Storms | 1 |  | 
| War Mill | 2 |  | 
| Stronghold | 1 |  | 
| Voodoo Lounge | 1 |  | 
| Watch Tower | 5 |  | 
| Beastiary | 2 |  | 
| Fortress | 1 |  | 
                20 total
 » build order
                00:08 Orc Burrow
00:12 Altar of Storms
00:57 War Mill
01:03 War Mill
02:46 Stronghold
04:20 Orc Burrow
04:26 Voodoo Lounge
04:29 Watch Tower
04:37 Orc Burrow
05:09 Beastiary
05:14 Beastiary
05:21 Watch Tower
06:31 Watch Tower
09:00 Orc Burrow
09:03 Orc Burrow
10:04 Fortress
14:30 Orc Burrow
14:35 Watch Tower
15:34 Orc Burrow
15:58 Watch Tower
» items
                
                | Healing Salve | 2 |  | 
| Scroll of Town Portal | 2 |  | 
                4 total
  
                Chat log
          (00:57 / Allies) The.Undead: plan?
(01:06 / Allies) brucewillisusa: im going verns
(01:17 / Allies) The.Undead: fiends stats
(01:27 / Allies) everyone_whines: i gonna check what they are
(01:33 / Allies) brucewillisusa: they had 2 hu and a random
(01:52 / Allies) everyone_whines: air then
(01:58 / Allies) everyone_whines: unless it is ud
(02:07 / Allies) brucewillisusa: you understand verns = wyverns right
(02:11 / Allies) everyone_whines: yep
(02:14 / Allies) everyone_whines: we all go air
(02:19 / Allies) everyone_whines: works
(02:20 / Allies) brucewillisusa: fine by me
(02:26 / Allies) The.Undead: so gargs for me?
(02:35 / Allies) brucewillisusa: yeah
(02:38 / Allies) The.Undead: aight
(02:39 / Allies) everyone_whines: need to see what they are
(03:25 / Allies) The.Undead: ud
(03:32 / Allies) brucewillisusa: oh well
(03:34 / Allies) everyone_whines: figures - air bad idea then
(03:40 / Allies) The.Undead: fiends stat
(03:45 / Allies) everyone_whines: raiders
(03:50 / Allies) everyone_whines: cause i suck at tauren
(04:44 / Allies) brucewillisusa: they could rush
(04:45 / Allies) brucewillisusa: i passed fiends
(04:47 / Allies) brucewillisusa: on way south
(04:51 / Allies) everyone_whines: hmm
(04:54 / Allies) everyone_whines: then we in trouble
(04:56 / Allies) everyone_whines: lol
(05:42 / Allies) brucewillisusa: back
(05:43 / Allies) brucewillisusa: wtf
(05:44 / Allies) brucewillisusa: suicide4 noob
(05:59 / Allies) brucewillisusa: stay back
(06:00 / Allies) brucewillisusa: and towe rup
(06:07 / Allies) brucewillisusa: im hurting hu base bad
(07:01 / Allies) everyone_whines: purple u need to help
(07:09 / Allies) brucewillisusa: ui thoguth i had fuckin staff of tp
(07:10 / Allies) brucewillisusa: my bad
(07:17 / Allies) brucewillisusa: back means back
(07:21 / Allies) brucewillisusa: it doesnt mean attack move and afk
(07:30 / Allies) brucewillisusa: BACK
(07:32 / Allies) everyone_whines: green dies it over
(07:41 / Allies) The.Undead: keep the faith
(07:59 / Allies) brucewillisusa: can u turds not feed them anymore?
(08:02 / Allies) brucewillisusa: now i have to face a level 3 mk
(08:04 / Allies) brucewillisusa: because u tomed him up
(08:13 / Allies) everyone_whines: f u  purple
(08:16 / Allies) everyone_whines: stfu & help
(09:23 / Allies) The.Undead: woot towers saved my ass
(10:05 / Allies) brucewillisusa: they got web
(10:09 / Allies) brucewillisusa: dotn make any more air
(10:35 / Allies) brucewillisusa: just mass fiends
(10:36 / Allies) brucewillisusa: or w/e
(10:37 / Allies) brucewillisusa: no air
(10:42 / Allies) The.Undead: abom inc
(11:39 / Allies) The.Undead: can i get lumbers
(11:44 / Allies) The.Undead: they killed my ghoul
(11:49 / Allies) brucewillisusa: i told you back
(11:50 / Allies) brucewillisusa: so no
(12:10 / Allies) brucewillisusa: tp
(12:12 / Allies) brucewillisusa: they are there now
(12:13 / Allies) brucewillisusa: tp
(12:34 / Allies) brucewillisusa: maybe we should mass tower
(12:37 / Allies) brucewillisusa: their army rapes ours
(12:40 / Allies) brucewillisusa: but their basesa re messed up
(13:42 / Allies) brucewillisusa: mass tower
(13:45 / Allies) brucewillisusa: if we surivive their rush we iwn
(14:21 / Allies) brucewillisusa: u guys mass tower
(14:22 / Allies) brucewillisusa: ok?
(14:25 / Allies) The.Undead: kk
(14:36 / Allies) brucewillisusa: spend 100% ur resources
(14:37 / Allies) brucewillisusa: on towers
(14:38 / Allies) brucewillisusa: and we win eas
(14:57 / All) brucewillisusa: gg
(15:45 / All) brucewillisusa: why are you still here
(15:47 / All) brucewillisusa: are you that bad?
(15:48 / All) Tubaker: fuck you cheap bitch
(15:50 / All) brucewillisusa: that you dont realize u lost?